 Dungeon Crawl Stone Soup version 0.31.0-12-g77e489cdc1 (webtiles) character file.

Game seed: 6885580879022489614

208949 Yuikono1 the Executioner (level 18, 0/172 HPs)
             Began as a Hill Orc Monk on Feb 19, 2024.
             Was the Champion of Beogh.
             Slain by a minotaur (13 damage)
             ... on level 4 of the Shoals on Feb 20, 2024.
             The game lasted 02:17:10 (29850 turns).

Yuikono1 the Executioner (Hill Orc Monk)           Turns: 29850, Time: 02:17:10

Health: 0/172      AC: 23    Str: 25    XL:     18   Next: 28%
Magic:  28/30      EV: 14    Int: 12    God:    Beogh [******]
Gold:   2987       SH:  0    Dex: 15    Spells: 17/17 levels left

rFire   + . .        Z - +7 battleaxe (flame)
rCold   + + .        (shield currently unavailable)
rNeg    + . .        m - +1 plate armour {rC+}
rPois   +            y - +2 hat of the Shishi {rPois rCorr Str+2 Stlth-}
rElec   +            o - scarf {rC+ rF+}
rCorr   +            A - +0 pair of gloves
SInv    +            e - +0 pair of boots
Will    +....        g - amulet "Tiusiq" {rElec rN+ Regen+ Str+3 Int+2} Stlth
                     a - +5 ring of evasion
HPRegen 1.28/turn    W - ring of see invisible
MPRegen 0.22/turn

%: no passive effects
@: studying Necromancy
A: walk on water
}: 2/15 runes: serpentine, barnacled
a: Renounce Religion, Smiting, Recall Orcish Followers, Give Item to Named
Follower, Resurrection


You were on level 4 of the Shoals.
You worshipped Beogh.
Beogh was exalted by your worship.
You visited 6 branches of the dungeon, and saw 26 of its levels.
You also visited: Bailey and Ice Cave.

You collected 3221 gold pieces.
You spent 234 gold pieces at shops.

Inventory:

Hand Weapons
 j - a +2 hand cannon of freezing
 p - a +4 antimagic broad axe
 H - the +3 great mace "Dacidiph" {antimagic, rPois rC+ Int+3 Dex+2}
   (You found it on level 1 of the Snake Pit)

   Int+3:     It affects your intelligence (+3).
   Dex+2:     It affects your dexterity (+2).
   rC+:       It protects you from cold.
   rPois:     It protects you from poison
 M - the +8 hand axe "Ariec" {venom, rPois Str+3}
   (You found it on level 10 of the Dungeon)

   Str+3:     It affects your strength (+3).
   rPois:     It protects you from poison
 Z - a +7 battleaxe of flaming (weapon)
Missiles
 i - 38 poisoned darts (quivered)
Armour
 d - +0 fire dragon scales
 e - a +0 pair of boots (worn)
 l - a +0 helmet of intelligence
 m - a +1 plate armour of cold resistance (worn)
 o - a scarf of resistance (worn)
 y - the +2 hat of the Shishi (worn) {rPois rCorr Str+2 Stlth-}
   (You found it on level 4 of the Dungeon)

   Str+2:     It affects your strength (+2).
   rPois:     It protects you from poison rCorr: It protects you from acid and
   corrosion.
   Stlth-:    It makes you less stealthy.
 A - a +0 pair of gloves (worn)
 B - a +2 chain mail of cold resistance
Jewellery
 a - a +5 ring of evasion (left hand)
 g - the amulet "Tiusiq" (around neck) {rElec rN+ Regen+ Str+3 Int+2}
   (You found it on level 12 of the Dungeon)

   [amulet of regeneration]

   Str+3:     It affects your strength (+3).
   Int+2:     It affects your intelligence (+2).
   rElec:     It insulates you from electricity.
   rN+:       It protects you from negative energy.
   Regen+:    It increases your rate of health regeneration.
 J - a +6 ring of intelligence
 N - a ring of willpower
 W - a ring of see invisible (right hand)
Wands
 K - a wand of roots (12)
 R - a wand of charming (26)
 Y - a wand of digging (5)
Scrolls
 q - 4 scrolls of fog
 s - 2 scrolls of vulnerability
 t - 7 scrolls of enchant armour
 v - 2 scrolls of enchant weapon
 w - 2 scrolls of acquirement
 x - a scroll of blinking
 z - 5 scrolls of brand weapon
 C - 7 scrolls of teleportation
 E - 2 scrolls of silence
 O - 6 scrolls of poison
 S - 6 scrolls of amnesia
 V - 3 scrolls of fear
 X - 3 scrolls of immolation
Potions
 b - a potion of berserk rage
 c - a potion of ambrosia
 f - 4 potions of lignification
 h - 3 potions of attraction
 k - 4 potions of invisibility
 n - 4 potions of might
 r - 2 potions of enlightenment
 D - 2 potions of brilliance
 F - 6 potions of haste
 G - 9 potions of curing
 I - a potion of resistance
 L - 2 potions of mutation
 P - 5 potions of cancellation
 T - a potion of magic
 U - a potion of heal wounds
Miscellaneous
 u - a phial of floods
 Q - a box of beasts (inert)


   Skills:
 - Level 18.1 Fighting
 - Level 22.3(22.8) Axes
 - Level 7.0(14.2) Polearms
 - Level 0.4 Throwing
 - Level 16.2 Armour
 * Level 3.9 Dodging
 - Level 3.0 Shields
 * Level 17.8 Invocations
 + Level 1.1 Evocations


You had 17 spell levels left.
You didn't know any spells.
Your spell library contained the following spells:

 Spells                   Type           Power      Damage    Failure   Level
 Necrotise                Necr           0%         1d4       92%         1
 Jinxbite                 Hex            0%         N/A       98%         2
 Call Canine Familiar     Summ           0%         N/A       100%        3
 Sigil of Binding         Hex            0%         N/A       100%        3
 Vampiric Draining        Necr           0%         2d6       100%        3
 Animate Dead             Necr           0%         N/A       100%        4
 Brom's Barrelling Bould  Conj/Erth      0%         2d3       100%        4
 Dimensional Bullseye     Hex/Tloc       0%         N/A       100%        4
 Martyr's Knell           Necr/Summ      0%         N/A       100%        4
 Passage of Golubria      Tloc           0%         N/A       100%        4
 Borgnjor's Vile Clutch   Necr/Erth      0%         N/A       100%        5
 Curse of Agony           Necr           0%         N/A       100%        5
 Fireball                 Conj/Fire      0%         3d3       100%        5
 Iskenderun's Battlesphe  Conj           0%         2d6       100%        5
 Silence                  Hex/Air        0%         N/A       100%        5
 Yara's Violent Unravell  Hex/Alch       0%         3d3       100%        5
 Conjure Ball Lightning   Conj/Air       0%         3x3d6     100%        6
 Death Channel            Necr           0%         N/A       100%        6
 Sculpt Simulacrum        Ice/Alch       0%         N/A       100%        6
 Enfeeble                 Hex            0%         N/A       100%        7
 Orb of Destruction       Conj           0%         9d5       100%        7
 Ozocubu's Refrigeration  Ice            0%         4d7       100%        7
 Lehudib's Crystal Spear  Conj/Erth      0%         10d2      100%        8
 Polar Vortex             Ice            0%         N/A       100%        9


Dungeon Overview and Level Annotations

Branches:
Dungeon (12/15)            Temple (1/1) D:6            Lair (3/5) D:10
 Shoals (4/4) Lair:3        Snake (4/4) Lair:3          Orc (2/2) D:11
    Elf (0/3) Orc:2        Bailey (visited)           IceCv (visited)

Altars:
Ashenzari
Cheibriados
Dithmenos
Elyvilon
Fedhas
Gozag
Hepliaklqana
Kikubaaqudgha
Makhleb
Nemelex Xobeh
Okawaru
Qazlal
Ru
Sif Muna
Trog
Uskayaw
Vehumet
Wu Jian
Xom
Yredelemnul
Zin
The Shining One

Shops:
D:6 !   Orc:2 (:[:!

Portals:
Trove: D:11 (show abyssal rune of Zot)


Message History

Warbeogh goes into a battle-frenzy!
The merfolk misses you.
Unknown command.
Orkrul hits the cyclops with a +5 battleaxe!
The cyclops dies!
Beogh accepts your kill.
Orkrul hits the merfolk with a +5 battleaxe!!
The merfolk barely misses Orkrul.
You swap places.
The merfolk hits you but does no damage.
Orkrul unwields a +5 battleaxe.
Orkrul wields a +1 orcbow.
Orkrul shoots an arrow.
The arrow hits the merfolk!
The merfolk dies!
Beogh accepts your kill.
You swap places.
The merfolk hits you from afar with a +0 trident.
The merfolk misses you.
The faun unwields a +0 sling.
The faun wields a +0 spear.
The faun hits you with a +0 spear!!
You slash the faun! You burn the faun.
The faun is moderately wounded.
You hit the minotaur but do no damage.
Orkrul shoots an arrow.
The arrow hits the faun!
The minotaur hits you!! The minotaur gores you.
The merfolk hits you from afar with a +0 trident!
* * * LOW HITPOINT WARNING * * *
The merfolk hits you but does no damage.
You barely miss the minotaur. You barely miss the faun.
The faun hits you with a +0 spear!
* * * LOW HITPOINT WARNING * * *
Orkrul unwields a +1 orcbow.
Orkrul wields a +5 battleaxe.
Orkrul closely misses the faun.
The minotaur hits you!
* * * LOW HITPOINT WARNING * * *
The minotaur gores you but does no damage.
The merfolk hits you from afar with a +0 trident!
* * * LOW HITPOINT WARNING * * *
As you read the scroll of fear, it crumbles to dust.
You assume a fearsome visage.
The minotaur resists with some effort.
The faun looks frightened!
The merfolk looks frightened! x2
Orkrul unwields a +5 battleaxe.
Orkrul wields a +1 orcbow.
Orkrul shoots an arrow.
The arrow hits the merfolk!!
The minotaur hits you!
You die...

#.. # ... .# ... .# #.. ..
≈≈ ..#.m####. ≈≈≈≈ .~....mc.
≈≈≈ . #...H(####.# ......#
.~ # ###@o....### ≈≈
#.#...##'..#.#.†o).~...~##≈≈
^.8....8....8#...))......)#≈
..~..........'...........[.≈
.....~..~~..8#...[.....~.|.≈
#.#..~#....##......))~.$##≈
.)....#~...#.###....(.##.≈≈
..).~.#..~.#~...#.##.#.≈≈≈≈≈
)~...##~~............≈≈≈≈≈≈≈


You could see a minotaur, 2 merfolk, a faun (strong, fleeing), the friendly
Orkrul the orc warlord (strong) and the friendly Warbeogh the orc warlord
(strong).

Vanquished Creatures
  A lich (IceCv)
  A kraken (Shoals:3)
  A sphinx (Shoals:4)
  Donald (Shoals:1)
  5 nagarajas (Snake:4)
  An orc warlord (Bailey)
  A very ugly thing (IceCv)
  A minotaur (Shoals:4)
  3 merfolk javelineers
  3 merfolk impalers
  A fire dragon (D:12)
  A caustic shrike simulacrum (IceCv)
  A centaur warrior (Shoals:3)
  The ghost of kMk the Marksfrog, a journeyman BaHu of Hepliaklqana (D:9)
  A two-headed ogre (D:8)
  A catoblepas (Shoals:2)
  A merfolk aquamancer (Shoals:3)
  2 merfolk avatars
  7 naga warriors
  6 anacondas
  A boulder beetle (D:12)
  5 shock serpents
  2 death yaks (Shoals:2)
  3 naga sharpshooters
  A sea snake (Shoals:2)
  5 bog bodies (IceCv)
  A spriggan simulacrum (IceCv)
  2 naga ritualists
  2 orc knights (Bailey)
  A necromancer (IceCv)
  An obsidian statue (IceCv)
  5 mana vipers
  13 harpies
  An oklob plant (Lair:1)
  Pikel (D:6)
  3 cyclopes
  3 manticores
  3 orc sorcerers (Orc:2)
  3 ugly things
  5 fauns
  2 salamanders
  A kobold blastminer (Orc:2)
  3 merfolk sirens
  6 guardian serpents
  21 black mambas
  2 water nymphs
  13 naga magi
  A gargoyle (D:11)
  4 cane toads
  3 kobold demonologists
  9 freezing wraiths (IceCv)
  4 komodo dragons
  3 anaconda simulacra (IceCv)
  An ice devil (IceCv)
  A golden dragon simulacrum (IceCv)
  5 trolls
  15 merfolk
  A queen bee (shapeshifter) (D:12)
  2 alligator simulacra (IceCv)
  Grinder (D:3)
  2 snapping turtles
  4 wind drakes
  3 blink frogs (Lair:3)
  A dream sheep (Shoals:3)
  2 water elementals (Shoals:3)
  5 dire elephant simulacra (IceCv)
  21 yaks
  6 wyverns
  4 wraiths
  2 basilisks
  3 vampire mosquitoes (D:10)
  4 minotaur simulacra
  20 nagas
  7 harpy simulacra
  An acid dragon (D:10)
  4 water moccasins
  4 hydra simulacra (IceCv)
  3 ice beasts (D:5)
  8 orc warriors
  A laughing skull (D:12)
  6 centaurs
  2 ogres
  10 wolves
  4 boggarts (D:12)
  A phantom (D:5)
  2 lemures (D:6)
  A brain worm (shapeshifter) (D:9)
  4 kobold brigands
  11 bullfrogs
  3 gnoll sergeants
  3 deep troll simulacra
  10 wights
  3 lindwurm simulacra
  2 bombardier beetles (D:3)
  6 howler monkeys
  2 hounds
  7 orc priests
  A gnoll bouda (D:5)
  A jelly (D:5)
  Jessica (D:2)
  A sleepcap (D:4)
  Natasha (thrice) (D:2)
  An iguana (D:5)
  11 orc wizards
  5 adders
  36 gnolls
  3 shadow imps
  A white imp (D:6)
  2 ufetubi (D:7)
  2 dart slugs
  A ribbon worm (D:3)
  22 orcs
  6 ball pythons
  4 bats
  3 endoplasms
  2 giant cockroaches
  43 goblins
  29 hobgoblins
  3 jackals (D:5)
  3 quokkas
  2 frilled lizards
  29 kobolds
  6 rats
  3 tentacles (Shoals:3)
605 creatures vanquished.

Vanquished Creatures (collateral kills)
  Polyphemus (Shoals:2)
  A sphinx (Shoals:4)
  Ilsuiw (Shoals:2)
  6 nagarajas
  Josephine (Orc:1)
  8 merfolk impalers
  2 merfolk javelineers
  A caustic shrike simulacrum (IceCv)
  3 salamander tyrants (Snake:4)
  2 centaur warriors (Shoals:3)
  A hydra (Lair:3)
  3 anacondas
  A merfolk aquamancer (Shoals:3)
  6 satyrs
  13 naga warriors
  8 naga sharpshooters
  2 death yaks (Shoals:2)
  3 shock serpents
  2 salamander mystics
  2 skysharks
  7 sea snakes
  4 naga ritualists
  16 harpies
  A spriggan simulacrum (Shoals:3)
  9 fauns
  8 salamanders
  2 ugly things
  A cyclops (Shoals:4)
  10 manticores
  9 black mambas
  2 water nymphs
  5 guardian serpents
  4 merfolk sirens
  10 naga magi
  An anaconda simulacrum (IceCv)
  2 freezing wraiths (IceCv)
  A komodo dragon (Lair:3)
  3 trolls (D:12)
  32 merfolk
  2 wind drakes (Shoals:1)
  3 dream sheep (Shoals:3)
  A blink frog (Lair:3)
  4 snapping turtles
  2 water elementals (Shoals:3)
  4 yaks
  3 wraiths (Orc:1)
  A vampire mosquito (D:10)
  28 nagas
  A water moccasin (Lair:3)
  6 orc warriors
  A wolf (Lair:1)
  A bullfrog (Lair:2)
  2 kobold brigands
  A scorpion (Lair:1)
  A lindwurm simulacrum (IceCv)
  An electric eel (Lair:1)
  9 orc priests
  9 orc wizards
  3 gnolls (Bailey)
  2 orcs (Orc:2)
  3 goblins (Bailey)
  3 hobgoblins (Bailey)
  6 kobolds
291 creatures vanquished.

Vanquished Creatures (others)
  A salamander tyrant (Snake:3)
  2 orc sorcerers
  2 orc high priests
  4 orc knights
  14 orc wizards
  9 orc warriors
  12 orc priests
  24 orcs
  A tentacle (Shoals:3)
69 creatures vanquished.

Grand Total: 965 creatures vanquished

Notes
Turn   | Place    | Note
-------+----------+-------------------------------------------
     0 | D:1      | Yuikono1 the Hill Orc Monk began the quest for the Orb.
     0 | D:1      | Reached XP level 1. HP: 19/19 MP: 1/1
    53 | D:1      | Reached XP level 2. HP: 27/27 MP: 2/2
   881 | D:1      | Reached XP level 3. HP: 33/33 MP: 3/3
  1029 | D:2      | Reached skill level 5 in Axes
  1153 | D:2      | Found a shimmering altar of Xom.
  1155 | D:2      | Noticed Natasha
  1165 | D:2      | Killed Natasha
  1326 | D:2      | Found a faded altar of an unknown god.
  1360 | D:2      | Reached XP level 4. HP: 41/41 MP: 4/4
  1444 | D:2      | Noticed Natasha
  1458 | D:2      | Killed Natasha
  1751 | D:2      | Noticed Natasha
  1762 | D:2      | Killed Natasha
  1763 | D:2      | Reached skill level 6 in Axes
  1763 | D:2      | Reached skill level 1 in Armour
  1846 | D:2      | Noticed Jessica
  1857 | D:2      | Killed Jessica
  1858 | D:2      | Reached XP level 5. HP: 46/47 MP: 5/5
  2163 | D:3      | Reached skill level 5 in Fighting
  2325 | D:3      | Noticed Grinder
  2343 | D:3      | Killed Grinder
  2344 | D:3      | Reached skill level 7 in Axes
  2344 | D:3      | Reached XP level 6. HP: 41/56 MP: 6/6
  2884 | D:3      | Reached XP level 7. HP: 59/61 MP: 7/7
  3074 | D:3      | Reached skill level 8 in Axes
  3899 | D:4      | Identified the +2 hat of the Shishi {rPois rCorr Str+2
                  | Stlth-}
  4132 | D:5      | Entered Level 5 of the Dungeon
  4216 | D:5      | Reached skill level 9 in Axes
  4606 | D:5      | Reached XP level 8. HP: 56/70 MP: 8/8
  5044 | D:6      | Reached skill level 10 in Axes
  5380 | D:6      | Reached skill level 5 in Armour
  5791 | D:6      | Found a sacrificial altar of Ru.
  5797 | D:6      | Found a bloodstained altar of Trog.
  5798 | D:6      | Found a glowing silver altar of Zin.
  5799 | D:6      | Found a broken altar of Ashenzari.
  5801 | D:6      | Found an ancient bone altar of Kikubaaqudgha.
  5802 | D:6      | Found a stormy altar of Qazlal.
  5804 | D:6      | Found a sparkling altar of Nemelex Xobeh.
  5825 | D:6      | Found Osehiuq's Distillery.
  5830 | D:6      | Bought a potion of degeneration for 13 gold pieces
  5830 | D:6      | Bought a potion of haste for 130 gold pieces
  5830 | D:6      | Bought a potion of might for 52 gold pieces
  5830 | D:6      | Bought a potion of curing for 39 gold pieces
  5840 | D:6      | Became a worshipper of Beogh the Brigand
  5840 | D:6      | Reached * piety under Beogh
  5840 | D:6      | Reached ** piety under Beogh
  5856 | D:6      | Noticed Pikel
  5885 | D:6      | Killed Pikel
  5886 | D:6      | Reached skill level 11 in Axes
  5886 | D:6      | Reached XP level 9. HP: 39/79 MP: 9/9
  6327 | D:6      | Found a staircase to the Ecumenical Temple.
  6355 | Temple   | Entered the Ecumenical Temple
  7002 | D:7      | Reached skill level 12 in Axes
  7258 | D:7      | Reached skill level 1 in Polearms
  8236 | D:8      | Noticed a two-headed ogre
  8275 | D:8      | Killed a two-headed ogre
  8276 | D:8      | Reached skill level 1 in Shields
  9339 | D:9      | Noticed a troll
  9347 | D:9      | Killed a troll
  9348 | D:9      | Reached skill level 5 in Polearms
  9348 | D:9      | Reached XP level 10. HP: 86/89 MP: 5/11
  9897 | D:9      | Reached *** piety under Beogh
 10191 | D:9      | Found a hazy altar of Hepliaklqana.
 10505 | D:9      | Found a runed translucent gate.
 10505 | D:9      | Found a runed translucent gate.
 10505 | D:9      | Found a runed translucent gate.
 10507 | D:9      | Found an opulent altar of Gozag.
 10508 | D:9      | Noticed kMk's ghost (journeyman BaHu)
 10683 | D:9      | Killed kMk's ghost
 10770 | D:10     | Entered Level 10 of the Dungeon
 10819 | D:10     | Reached skill level 5 in Invocations
 10911 | D:10     | Gained Orkrul as an ally
 11053 | D:10     | Reached XP level 11. HP: 84/97 MP: 15/15
 11270 | D:10     | Found a flagged portal.
 11274 | D:10     | Identified the +8 hand axe "Ariec" {venom, rPois Str+3}
 11280 | Bailey   | Entered a bailey
 11303 | Bailey   | Noticed an orc knight
 11313 | Bailey   | Killed an orc knight
 11314 | Bailey   | Reached skill level 13 in Axes
 11421 | Bailey   | Noticed an orc knight
 11427 | Bailey   | Killed an orc knight
 11690 | Bailey   | Reached **** piety under Beogh
 11775 | Bailey   | Noticed an orc warlord
 11787 | Bailey   | Killed an orc warlord
 12136 | D:10     | Reached skill level 10 in Fighting
 12141 | D:10     | Reached skill level 14 in Axes
 12148 | D:10     | Found a staircase to the Lair.
 12589 | D:11     | Noticed a white ugly thing
 12597 | D:11     | Killed a white ugly thing
 12597 | D:11     | Killed a green ugly thing
 12634 | D:11     | Your ally Orkrul died
 12775 | D:11     | Found a staircase to the Orcish Mines.
 13060 | D:11     | Found a portal to a secret trove of treasure.
 13369 | D:12     | Noticed a boulder beetle
 13375 | D:12     | Killed a boulder beetle
 13450 | D:12     | Noticed a green ugly thing
 13457 | D:12     | Killed a green ugly thing
 13458 | D:12     | Reached XP level 12. HP: 107/107 MP: 18/18
 13492 | D:12     | Reached skill level 15 in Axes
 14025 | D:12     | Noticed a fire dragon
 14048 | D:12     | Killed a fire dragon
 14049 | D:12     | Reached skill level 16 in Axes
 14343 | D:12     | Identified the amulet "Tiusiq" {rElec rN+ Regen+ Str+3
                  | Int+2}
 14749 | Lair:1   | Entered Level 1 of the Lair of Beasts
 14794 | Lair:1   | Reached skill level 10 in Armour
 15169 | Lair:1   | Gained Orkrul as an ally
 16243 | Lair:2   | Reached skill level 17 in Axes
 16244 | Lair:2   | Gained Bolgrim as an ally
 16767 | Lair:3   | Reached skill level 10 in Invocations
 16771 | Lair:3   | Gained Warbeogh as an ally
 16781 | Lair:3   | Reached XP level 13. HP: 113/116 MP: 20/20
 16850 | Lair:3   | Found a staircase to the Shoals.
 16856 | Lair:3   | Reached ***** piety under Beogh
 17253 | Lair:3   | Found a staircase to the Snake Pit.
 17725 | Snake:1  | Entered Level 1 of the Snake Pit
 17778 | Snake:1  | Reached skill level 18 in Axes
 18257 | Snake:1  | Your ally Bolgrim died
 18507 | Snake:1  | Identified the +3 great mace "Dacidiph" {antimagic, rPois
                  | rC+ Int+3 Dex+2}
 18996 | Snake:2  | Reached skill level 19 in Axes
 19003 | Snake:2  | Reached XP level 14. HP: 64/127 MP: 22/22
 19148 | Snake:2  | Noticed a nagaraja
 19152 | Snake:2  | Killed a nagaraja
 20100 | Snake:3  | Found a runed translucent gate.
 20100 | Snake:3  | Found a runed translucent gate.
 20100 | Snake:3  | Found a runed translucent gate.
 20275 | Snake:3  | Found the +8 frozen axe "Frostbite" {freeze, freezing
                  | cloud, *Noise Fly rC+}
 20462 | Snake:3  | Reached skill level 20 in Axes
 21673 | Snake:3  | Reached ****** piety under Beogh
 21674 | Snake:3  | Reached XP level 15. HP: 88/138 MP: 23/25
 21764 | Snake:4  | Entered Level 4 of the Snake Pit
 22019 | Snake:4  | Noticed a nagaraja
 22024 | Snake:4  | Noticed a nagaraja
 22030 | Snake:4  | Killed a nagaraja
 22035 | Snake:4  | Killed a nagaraja
 22075 | Snake:4  | Noticed a nagaraja
 22079 | Snake:4  | Killed a nagaraja
 22155 | Snake:4  | Noticed a nagaraja
 22164 | Snake:4  | Killed a nagaraja
 22222 | Snake:4  | Noticed a nagaraja
 22227 | Snake:4  | Killed a nagaraja
 22430 | Snake:4  | Noticed a nagaraja
 22437 | Snake:4  | Killed a nagaraja
 22584 | Snake:4  | Noticed a nagaraja
 22596 | Snake:4  | Killed a nagaraja
 22691 | Snake:4  | Noticed a nagaraja
 22701 | Snake:4  | Killed a nagaraja
 22702 | Snake:4  | Reached skill level 21 in Axes
 22800 | Snake:4  | Noticed a nagaraja
 22802 | Snake:4  | Killed a nagaraja
 22803 | Snake:4  | Reached skill level 15 in Fighting
 22822 | Snake:4  | Noticed a nagaraja
 22829 | Snake:4  | Killed a nagaraja
 22926 | Snake:4  | Got a serpentine rune of Zot
 23517 | Shoals:1 | Entered Level 1 of the Shoals
 23651 | Shoals:1 | Reached XP level 16. HP: 152/152 MP: 26/26
 23724 | Shoals:1 | Reached XP level 17. HP: 37/160 MP: 22/28
 23963 | Orc:1    | Entered Level 1 of the Orcish Mines
 23963 | Orc:1    | Noticed Josephine
 23969 | Orc:1    | Killed Josephine
 24093 | Orc:2    | Entered Level 2 of the Orcish Mines
 24180 | Orc:2    | Found Ywykyoh's Antique Armour Shoppe.
 24180 | Orc:2    | Found Esyxyug's Weapon Shoppe.
 24198 | Orc:2    | Reached skill level 15 in Armour
 24200 | Orc:2    | Found Wirrak's Book Emporium.
 24206 | Orc:2    | Found Cinefa's Distillery.
 24604 | Orc:2    | Found a staircase to the Elven Halls.
 24735 | Orc:2    | Found Obruamics's Book Shop.
 25439 | Shoals:1 | Identified the +0 kite shield of Okawaru's Displeasure
                  | {*Corrode rN+ SInv}
 25439 | Shoals:1 | Noticed Donald
 25459 | Shoals:1 | Killed Donald
 25459 | Shoals:1 | Gained Bogric as an ally
 25845 | Shoals:2 | Noticed Ilsuiw
 25853 | Shoals:2 | Your ally Bogric died
 25855 | Shoals:2 | Reached skill level 15 in Invocations
 25900 | Shoals:2 | Killed Ilsuiw
 26472 | Shoals:2 | Noticed Polyphemus
 26491 | Shoals:2 | Killed Polyphemus
 27383 | Shoals:3 | Reached skill level 1 in Evocations
 27386 | Shoals:3 | Found a glacial archway.
 27409 | IceCv    | Entered an ice cave
 27574 | IceCv    | Gained Rocco as an ally
 27799 | IceCv    | Noticed a lich
 27806 | IceCv    | Your ally Rocco died
 27808 | IceCv    | Killed a lich
 27903 | IceCv    | Found an ancient bone altar of Kikubaaqudgha.
 27916 | IceCv    | Reached skill level 22 in Axes
 28289 | Shoals:3 | Identified the +6 quarterstaff of Qacirgho {freeze, rC+}
 28805 | Shoals:3 | Noticed a kraken
 28814 | Shoals:3 | Killed a kraken
 29124 | Shoals:4 | Entered Level 4 of the Shoals
 29374 | Shoals:4 | Reached XP level 18. HP: 149/171 MP: 30/30
 29673 | Shoals:4 | Paralysed by a sphinx for 3 turns
 29689 | Shoals:4 | Got a barnacled rune of Zot
 29850 | Shoals:4 | Slain by a minotaur

Illustrated notes

Levels and vault maps discovered:
D:1:      heliophobic_arrival_battle_scene, layout_basic, skrybe_limestone_x
D:2:      layout_basic, shapermc_ecumenical_altar_mp_vishouse, basic_altar,
          uniq_natasha, uniq_jessica
D:3:      minmay_goblin_kobold_castle, layout_basic, uniq_grinder
D:4:      cheibrodos_old_hovel, layout_cave_pools
D:5:      layout_basic
D:6:      layout_basic, minitemple, minmay_temple_entry_overgrown, serial_shops,
          kennysheep_little_box, chequers_serial_rivers_small_b, uniq_pikel
D:7:      layout_layer_cave, kennysheep_generic_room_11
D:8:      layout_layer_cave
D:9:      layout_basic, nicolae_hepliaklqana_hippocampus, ebering_ghost_gozag
D:10:     layout_stronghold, lair_entry_dummy, enter_bailey_2
D:11:     layout_big_octagon, erik_orc_4, nicolae_trove_entry_columns
D:12:     minmay_the_grid_four_pointed_star
          [minmay_the_grid_triangle_9x9_longest,
          minmay_the_grid_triangle_9x9_swiss_cheese,
          minmay_the_grid_triangle_9x9_minimal,
          minmay_the_grid_triangle_9x9_corrupted_corridor,
          minmay_the_grid_prize_trominoes], layout_loops_ring
Temple:   jpeg_temple_clearing
Lair:1:   layout_cave_pods, minmay_lair_oklob_bushes, serial_bayou_shore_a,
          grunt_megastairs_4
Lair:2:   layout_cave_pods
Lair:3:   layout_chaotic_city, nicolae_shoals_entry_roost,
          alex1729_snake_entry_snake, chequers_serial_rivers_micro_a,
          grunt_megastairs_3
Shoals:1: cheibrodos_shoals_roost, layout_shoals, uniq_donald
Shoals:2: layout_shoals, nicolae_shoals_nautilus_by_nature, uniq_ilsuiw,
          uniq_polyphemus
Shoals:3: layout_shoals, portal_ice_cave_entry_ice_simulacra
Shoals:4: shoals_end_hellmonk_lost_city
Snake:1:  layout_grid_maze
Snake:2:  layout_gridlike
Snake:3:  layout_chambers, nicolae_snake_horde_hoard
Snake:4:  grunt_snake_rune_spirals, layout_onion, drop_trap
Orc:1:    layout_diamond_mine, minmay_orc_temple_b, uniq_josephine
Orc:2:    st_orc_mages, layout_caves, serial_shops, nicolae_shop_behind_doors,
          statue_in_the_mist_lemuel

Skill      XL: |  1  2  3  4  5  6  7  8  9 10 11 12 13 14 15 16 17 18 |
---------------+-------------------------------------------------------+-----
Fighting       | 4 5 6 7 8 9 10 11 12 14 16 18 | 18.1
Axes           | 5 6 7 9 11 12 14 17 19 20 21 22 | 22.3
Armour         | 1 3 4 6 7 8 9 10 11 13 14 16 | 16.2
Polearms       | 5 7 |  7.0
Shields        | 2 3 |  3.0
Invocations    | 2 5 8 10 11 13 14 16 17 | 17.8
Evocations     | 1 |  1.1
Dodging        | 3 |  3.9
Throwing       | |  0.4

Action                     |  1- 3 |  4- 6 |  7- 9 | 10-12 | 13-15 | 16-18 || total
---------------------------+-------+-------+-------+-------+-------+-------++-------
  Melee: Hand axe          |    65 |    28 |       |       |       |       ||    93
         War axe           |       |    65 |   290 |       |       |       ||   355
         Trident           |       |       |    58 |   111 |       |       ||   169
         Battleaxe         |       |       |       |   273 |   397 |   331 ||  1001
  Throw: Dart              |       |     3 |     2 |       |    10 |     3 ||    18
 Invoke: Convert to Beogh  |       |       |     1 |       |       |       ||     1
         Smiting           |       |       |     2 |     9 |    10 |    26 ||    47
         Recall Orcish Fol |       |       |       |     2 |     5 |    12 ||    19
         Give Item to Name |       |       |       |       |     3 |     2 ||     5
  Evoke: Wand              |       |       |     2 |     1 |       |       ||     3
         Phial of floods   |       |       |       |       |     1 |     1 ||     2
         Box of beasts     |       |       |       |       |       |     2 ||     2
    Use: Scroll            |       |       |     2 |    12 |    10 |     3 ||    27
         Potion            |       |       |     2 |     5 |     5 |     7 ||    19
   Stab: Distracted        |       |       |       |     5 |     4 |     1 ||    10
         Confused          |       |       |       |     1 |       |       ||     1
         Paralysed         |       |       |       |       |       |     1 ||     1
 Armour: Robe              |     5 |       |       |       |       |       ||     5
         Plate armour      |    49 |   116 |   358 |   268 |   432 |   514 ||  1737
  Dodge: Dodged            |    20 |    34 |   118 |   173 |   286 |   318 ||   949
  Block: Buckler           |       |       |     4 |     9 |       |       ||    13
